 Dungeon Crawl Stone Soup version 0.29.1-2-gbd0b4ee654 (webtiles) character file.

Game seed: 13305107853614078625

195429 Lutefisk the Scorcher (level 19, -1/146 HPs)
             Began as a Human Cinder Acolyte on Nov 13, 2022.
             Was a Priest of Ignis.
             Slain by a manticore (8 damage)
             ... on level 4 of the Shoals on Nov 14, 2022.
             The game lasted 02:58:18 (23159 turns).

Lutefisk the Scorcher (Human Cinder Acolyte)       Turns: 23159, Time: 02:58:19

Health: -1/146     AC: 21    Str: 22    XL:     19   Next: 50%
Magic:  7/28       EV: 19    Int: 16    God:    Ignis [***...]
Gold:   2346       SH:  0    Dex: 13    Spells: 12/30 levels left

rFire   + . .      SeeInvis .   j - +2 lajatang (vamp)
rCold   + . .      Faith    .   (shield currently unavailable)
rNeg    . . .      Spirit   .   O - +3 leather armour of Valour {Regen+}
rPois   .          Reflect  .   L - +2 helmet
rElec   +          Harm     .   V - +0 cloak
rCorr   .          Rampage  .   p - +2 pair of gloves {Str+3}
Will    +....                   D - +0 pair of boots of the Sea {rElec}
Stlth   +++.......              (no amulet)
HPRegen 1.14/turn               k - ring of Light {rC+ AC+4 Str+2 Stlth+}
MPRegen 0.21/turn               W - ring of flight

@: lethally poisoned (-1 -> -3), flying
A: no striking features
a: Renounce Religion, Fiery Armour, Foxfire Swarm, Rising Flame


You were on level 4 of the Shoals.
You worshipped Ignis.
Ignis was most pleased with you.
You visited 6 branches of the dungeon, and saw 31 of its levels.
You also visited: Sewer and Ice Cave.

You collected 3847 gold pieces.
You spent 1501 gold pieces at shops.

Inventory:

Hand Weapons
 j - a +2 vampiric lajatang (weapon)
Missiles
 P - a throwing net (quivered)
Armour
 a - a +1 buckler of cold resistance
 p - a +2 pair of gloves of strength (worn)
 D - the +0 pair of boots of the Sea (worn) {rElec}
   (You found it on level 8 of the Dungeon)

   rElec:     It insulates you from electricity.
 L - a +2 helmet (worn)
 O - the +3 leather armour of Valour (worn) {Regen+}
   (You found it on level 7 of the Dungeon)

   Regen:     It increases your rate of health regeneration.
 V - a +0 cloak (worn)
Magical Staves
 n - a staff of fire
Jewellery
 g - a ring of magical power
 k - the ring of Light (left hand) {rC+ AC+4 Str+2 Stlth+}
   (You found it on level 9 of the Dungeon)

   [ring of protection]

   AC:        It affects your AC (+4).
   Str:       It affects your strength (+2).
   rC:        It protects you from cold.
   Stlth:     It makes you more stealthy.
 B - a ring of poison resistance
 G - a +4 ring of protection
 I - a ring of resist corrosion
 W - a ring of flight (right hand)
 Z - a ring of willpower
Wands
 b - a wand of iceblast (6)
 h - a wand of quicksilver (1)
 m - a wand of flame (12)
 y - a wand of digging (8)
 H - a wand of paralysis (14)
 J - a wand of mindburst (3)
Scrolls
 c - 4 scrolls of vulnerability
 d - 5 scrolls of immolation
 f - 2 scrolls of enchant armour
 l - 2 scrolls of fear
 u - 5 scrolls of poison
 E - 7 scrolls of magic mapping
 F - a scroll of teleportation
 K - a scroll of summoning
 M - 2 scrolls of enchant weapon
 Q - a scroll of brand weapon
 R - 3 scrolls of fog
 S - 2 scrolls of blinking
Potions
 e - a potion of berserk rage
 i - 4 potions of brilliance
 o - 2 potions of curing
 q - a potion of might
 r - 2 potions of haste
 s - 5 potions of lignification
 t - 5 potions of attraction
 w - 2 potions of mutation
 x - 2 potions of magic
 z - a potion of cancellation
 A - 4 potions of resistance
 N - a potion of ambrosia
 Y - a potion of invisibility
Miscellaneous
 v - a phantom mirror (inert)
 T - a lightning rod (2/4)
 U - a phial of floods (inert)
 X - a tin of tremorstones (2/2)


   Skills:
 - Level 12.0 Fighting
 - Level 3.0(6.8) Maces & Flails
 - Level 9.7(10.0) Staves
 - Level 2.0 Throwing
 - Level 12.0 Armour
 * Level 15.5 Dodging
 - Level 3.0 Stealth
 - Level 5.0 Shields
 - Level 6.0 Spellcasting
 - Level 1.0 Transmutations
 - Level 17.0 Fire Magic
 - Level 7.0 Poison Magic
 - Level 5.0 Evocations


You had 12 spell levels left.
You knew the following spells:

 Your Spells              Type           Power      Damage    Failure   Level
a - Scorch                Fire           100%       2d10      1%          2
b - Foxfire               Conj/Fire      100%       2x1d9     1%          1
c - Ignition              Fire           28%        3d9       67%         8
d - Olgreb's Toxic Radia  Pois           27%        N/A       9%          4
e - Ignite Poison         Fire/Tmut/Pois 31%        N/A       1%          3

Your spell library contained the following spells:

 Spells                   Type           Power      Damage    Failure   Level
 Sting                    Tmut/Pois      68%        1d6       3%          1
 Poisonous Vapours        Pois/Air       32%        N/A       5%          2
 Beastly Appendage        Tmut           16%        N/A       10%         1
 Necrotise                Necr           16%        1d4       16%         1
 Mephitic Cloud           Conj/Pois/Air  12%        N/A       19%         3
 Gell's Gravitas          Tloc           4%         N/A       41%         3
 Lesser Beckoning         Tloc           4%         N/A       41%         3
 Teleport Other           Tloc           4%         N/A       41%         3
 Anguish                  Hex/Necr       2%         N/A       83%         4
 Animate Armour           Summ/Erth      8%         N/A       83%         4
 Leda's Liquefaction      Hex/Erth       2%         N/A       83%         4
 Blade Hands              Tmut           4%         N/A       95%         5
 Freezing Cloud           Conj/Ice/Air   2%         6-21      99%         5
 Lee's Rapid Deconstruct  Erth           2%         3d5*      99%         5
 Iron Shot                Conj/Erth      2%         9d2       100%        6
 Statue Form              Tmut/Erth      4%         N/A       100%        6
 Enfeeble                 Hex            2%         N/A       100%        7
 Ozocubu's Refrigeration  Ice            2%         4d7       100%        7


Dungeon Overview and Level Annotations

Branches:
Dungeon (15/15)            Temple (1/1) D:7            Lair (5/5) D:9
 Shoals (4/4) Lair:3        Snake (4/4) Lair:3          Orc (2/2) D:12
    Elf (0/3) Orc:2        Vaults (0/5) D:13          Sewer (visited)
  IceCv (visited)
  Slime: Lair:4-5    Depths: D:15

Altars:
Ashenzari
Cheibriados
Dithmenos
Elyvilon
Fedhas
Gozag
Hepliaklqana
Kikubaaqudgha
Makhleb
Nemelex Xobeh
Okawaru
Qazlal
Ru
Sif Muna
Trog
Uskayaw
Vehumet
Wu Jian
Xom
Zin
The Shining One

Shops:
D:7 (   Orc:2 =![(   Snake:2 *??=[   Snake:3 =:=

Portals:
Trove: D:11 (give 17 potions of curing)

Annotations:
D:12 Frances, Jorgrun
Snake:2 3 runed translucent doors, exclusion: obsidian statue, Donald; gdog's ghost, journeyman GnDe
Orc:1 1 runed translucent door, exclusion: 4 orange crystal statues
Orc:2 Saint Roka


Message History

Aim: a merfolk, wielding a +1 trident of venom (ally target)
The thunderbolt hits the merfolk!
The merfolk is moderately wounded.
The thunderbolt hits the water elemental.
The water elemental resists.
The water elemental is lightly damaged.
* * * LOW HITPOINT WARNING * * *
Your lungs strain for air!
You feel very sick.
You hear an angry hiss. x2
The water elemental misses you.
The merfolk hits you from afar with a +1 trident of venom!
* * * LOW HITPOINT WARNING * * *
You are lethally poisoned!
Your merfolk closely misses the merfolk.
The water elemental closely misses you.
A wind drake comes into view.
A manticore comes into view.
You feel better.
* * * LOW HITPOINT WARNING * * *
Your lungs strain for air!
The water elemental hits you.
* * * LOW HITPOINT WARNING * * *
The merfolk hits you but does no damage.
You are poisoned.
Your merfolk hits the merfolk with a +1 trident of venom!
The manticore closely misses you. The manticore barely misses you.
The manticore claws you but does no damage.
The water elemental closely misses you.
Okay, then.
Unknown command.
Okay, then.
Unknown command.
You slip free of the water engulfing you.
You gasp with relief as air once again reaches your lungs.
You feel very sick. The water elemental closely misses you.
The merfolk barely misses your merfolk.
Your merfolk hits the merfolk with a +1 trident of venom!
The merfolk looks as sick as possible!
A sea snake comes into view.
The manticore barely misses you. The manticore claws you!
You die...

#|.#..=# ###.
#)~...)##..~~ .~..##..~.#
#)~###...# #)##~#~8~# #
#mk.....# # #.#
##Em.##.~#~#.#
.~#..S#.E~~~~#~.~..#
#....H@~~~~~#~..##.~#
#.~.....#..###....~
....~~.........(...~#
##########..#############
#8........?.........8##~~
#.....~~~~~~))#~.....##~~
#...~~~~~~##~~~~~~#..##~~
#.#~~~~.~#~####.~~~..##~~
#...~~~~~#~~.~)~~~~..##~~


You could see a sea snake, a wind drake (repels missiles), a merfolk (extremely
poisoned, ally target), a manticore, 2 water elementals and a friendly merfolk
(summoned, drained).

Vanquished Creatures
  A titan (Shoals:4)
  Aizul (Snake:1)
  Nessos (D:13)
  An ettin (Orc:1)
  2 merfolk javelineers
  Josephine (D:13)
  3 merfolk impalers
  Erolcha (D:10)
  2 hydras
  2 ogre magi
  3 boulder beetles
  A merfolk avatar (Shoals:1)
  10 centaur warriors
  8 two-headed ogres
  4 anacondas
  6 merfolk aquamancers
  2 naga warriors
  A death yak (Lair:4)
  4 tengu warriors
  5 shock serpents
  Sonja (D:11)
  Urug (D:11)
  4 naga sharpshooters
  Nergalle (D:10)
  Lodul (D:12)
  13 sea snakes
  6 naga ritualists
  4 orc knights
  11 mana vipers
  12 harpies
  2 deep elf pyromancers (D:13)
  2 orc sorcerers
  15 ugly things
  12 manticores
  Maurice (D:8)
  6 cyclopes
  2 salamanders
  11 elephants
  Joseph (D:10)
  8 merfolk sirens
  7 naga magi
  11 fauns
  18 black mambas
  A guardian serpent (Snake:3)
  A black mamba (shapeshifter) (D:9)
  5 water nymphs
  5 cane toads
  3 gargoyles
  3 centaur skeletons (D:13)
  Maggie (D:8)
  A kobold demonologist (D:11)
  Psyche (D:9)
  5 ice devils (IceCv)
  4 komodo dragons
  An unseen horror (D:11)
  2 tengu conjurers
  3 yaktaurs (D:13)
  13 merfolk
  9 trolls
  3 blink frogs (Lair:1)
  14 slime creatures
  4 wind drakes
  4 dream sheep (Shoals:1)
  A hornet (D:9)
  11 snapping turtles
  2 air elementals (Shoals:4)
  A shadow (D:11)
  6 wyverns
  3 basilisks
  8 wraiths
  20 yaks
  20 water elementals
  Grum (D:8)
  A death yak simulacrum (IceCv)
  4 vampire mosquitoes
  3 steam dragons
  A human (shapeshifter) (D:14)
  Edmund (D:5)
  A warg (Orc:2)
  A harpy simulacrum (D:15)
  A hydra simulacrum (IceCv)
  25 nagas
  2 acid dragons
  10 water moccasins
  A black bear (D:6)
  An ice beast (D:5)
  39 orc warriors
  20 ogres
  10 wolves
  29 centaurs
  A phantom (D:5)
  9 kobold brigands
  A gnoll sergeant (D:7)
  10 bullfrogs
  4 scorpions
  A two-headed ogre simulacrum (IceCv)
  5 wights
  3 elephant simulacra (IceCv)
  2 jellies (D:5)
  6 killer bees (D:9)
  3 howler monkeys (D:12)
  2 electric eels (D:9)
  4 hounds
  15 orc priests
  2 gnoll boudas
  2 iguanas
  Jessica (D:2)
  23 orc wizards
  Ijyb (D:5)
  A troll simulacrum (IceCv)
  3 spriggan simulacra (IceCv)
  A polar bear simulacrum (IceCv)
  A wolf simulacrum (IceCv)
  A centaur simulacrum (D:9)
  Robin (D:2)
  10 adders
  15 gnolls
  A naga simulacrum (IceCv)
  A shadow imp (D:6)
  3 white imps
  6 ufetubi
  A worm (D:5)
  2 dart slugs
  100 orcs
  5 endoplasms
  5 giant cockroaches
  16 goblins
  13 hobgoblins
  26 kobolds
  4 quokkas
  10 ball pythons
  4 bats
  4 frilled lizards
  15 rats
859 creatures vanquished.

Vanquished Creatures (collateral kills)
  2 naga sharpshooters
  A skeletal warrior (D:14)
  A harpy (Shoals:1)
4 creatures vanquished.

Vanquished Creatures (others)
  A harpy (Shoals:1)
  A bush (Lair:3)
  576 foxfires
  14 fungi
  47 plants
639 creatures vanquished.

Grand Total: 1502 creatures vanquished

Notes
Turn   | Place    | Note
-------+----------+-------------------------------------------
     0 | D:1      | Lutefisk the Human Cinder Acolyte began the quest for the
                  | Orb.
     0 | D:1      | Reached XP level 1. HP: 18/18 MP: 2/2
    40 | D:1      | Reached XP level 2. HP: 3/24 MP: 3/3
   571 | D:1      | Reached XP level 3. HP: 27/30 MP: 4/4
   587 | D:1      | Learned a level 2 spell: Scorch
   691 | D:1      | Reached skill level 1 in Stealth
   786 | D:2      | Noticed Jessica
   790 | D:2      | Killed Jessica
   791 | D:2      | Reached XP level 4. HP: 37/37 MP: 2/7
   881 | D:2      | Identified the +2 helmet "Heilu" {-Cast rN+ Will+ Str+4}
   881 | D:2      | Noticed Robin
  1097 | D:2      | Reached XP level 5. HP: 33/43 MP: 2/8
  1113 | D:2      | Killed Robin
  1151 | D:2      | Found a hazy altar of Hepliaklqana.
  1208 | D:2      | Found a faded altar of an unknown god.
  1213 | D:2      | Reached skill level 5 in Fighting
  1278 | D:3      | Identified the +5 falchion of Recklessness {pain, Int+5}
  1413 | D:3      | Reached skill level 1 in Armour
  1413 | D:3      | Reached skill level 1 in Dodging
  1430 | D:3      | Identified the +8 chain mail of Duty {rPois}
  1487 | D:3      | Got Fonk's Beginning Course on Wizardry
  1492 | D:3      | Learned a level 1 spell: Foxfire
  1564 | D:4      | Noticed an ogre
  1778 | D:5      | Entered Level 5 of the Dungeon
  1841 | D:5      | Found a glowing drain.
  1847 | Sewer    | Entered a sewer
  1869 | Sewer    | Reached XP level 6. HP: 41/51 MP: 5/9
  2123 | D:5      | Reached XP level 7. HP: 25/58 MP: 0/10
  2164 | D:5      | Got Ykafur's Handbook of Poison
  2171 | D:5      | Found a blossoming altar of Fedhas.
  2172 | D:5      | Noticed a water moccasin
  2300 | D:5      | Killed a water moccasin
  2322 | D:5      | Noticed Ijyb
  2343 | D:5      | Paralysed by Ijyb for 4 turns
  2344 | D:5      | Reached XP level 8. HP: 33/64 MP: 0/12
  2356 | D:5      | Paralysed by Ijyb for 5 turns
  2363 | D:5      | Killed Ijyb
  2522 | D:5      | Noticed Edmund
  2537 | D:5      | Killed Edmund
  2935 | D:5      | Reached XP level 9. HP: 61/74 MP: 5/15
  3107 | D:6      | Found a white marble altar of Elyvilon.
  3193 | D:6      | Reached skill level 5 in Armour
  3260 | D:6      | Found an iron altar of Okawaru.
  3290 | D:6      | Reached skill level 5 in Dodging
  3290 | D:6      | Reached skill level 1 in Evocations
  3481 | D:6      | Reached skill level 1 in Throwing
  4296 | D:7      | Identified the +3 leather armour of Valour {Regen+}
  4412 | D:7      | Found a staircase to the Ecumenical Temple.
  4433 | Temple   | Entered the Ecumenical Temple
  4476 | D:7      | Found Orazeb's Antique Weapon Shop.
  4550 | D:6      | Found an opulent altar of Gozag.
  4731 | D:8      | Reached XP level 10. HP: 47/83 MP: 12/16
  4897 | D:8      | Noticed Maggie
  4909 | D:8      | Killed Maggie
  4941 | D:8      | Noticed Maurice
  4941 | D:8      | Noticed an orc sorcerer
  5041 | D:8      | Identified the +0 pair of boots of the Sea {rElec}
  5063 | D:8      | Killed Maurice
  5064 | D:8      | Reached skill level 10 in Fighting
  5077 | D:8      | Killed an orc sorcerer
  5225 | D:8      | Noticed Grum
  5265 | D:8      | Killed Grum
  5377 | D:9      | Noticed Psyche
  5385 | D:9      | Killed Psyche
  5572 | D:9      | Noticed a manticore
  5573 | D:9      | Noticed a green ugly thing
  5626 | D:9      | Noticed a fire crab
  5628 | D:9      | Noticed a black mamba
  5628 | D:9      | a fire crab changed into a black mamba
  5654 | D:9      | Reached XP level 11. HP: 60/90 MP: 15/17
  5665 | D:9      | Paralysed by a hornet for 1 turns
  5732 | D:9      | Noticed a centaur warrior
  5806 | D:9      | Found a staircase to the Lair.
  5814 | D:9      | Noticed a boulder beetle
  5872 | D:9      | Killed a boulder beetle
  5873 | D:9      | Reached skill level 5 in Evocations
  5896 | Lair:1   | Entered Level 1 of the Lair of Beasts
  6278 | Lair:2   | Reached skill level 1 in Staves
  6517 | Lair:2   | Noticed an elephant
  6517 | Lair:2   | Noticed an elephant
  6517 | Lair:2   | Noticed an elephant
  6562 | Lair:2   | Killed an elephant
  6572 | Lair:2   | Killed an elephant
  6577 | Lair:2   | Killed an elephant
  6738 | Lair:3   | Noticed an elephant
  6805 | Lair:3   | Found a staircase to the Snake Pit.
  6866 | Lair:3   | Found a frozen archway.
  6873 | IceCv    | Entered an ice cave
  6983 | IceCv    | Reached skill level 5 in Staves
  7093 | IceCv    | Reached XP level 12. HP: 97/97 MP: 10/18
  7283 | IceCv    | Reached skill level 1 in Shields
  7285 | IceCv    | Noticed a reaper
  7414 | Lair:3   | Noticed a death yak
  7414 | Lair:3   | Noticed a death yak
  7414 | Lair:3   | Noticed a death yak
  7414 | Lair:3   | Noticed a death yak
  7415 | Lair:3   | Noticed a death yak
  7853 | Lair:4   | Identified the +5 scale mail of Ymiuvvul {Str+4}
  7937 | Lair:4   | Noticed a death yak
  8048 | Lair:4   | Noticed a four-headed hydra
  8062 | Lair:4   | Killed a four-headed hydra
  8063 | Lair:4   | Reached skill level 10 in Dodging
  8063 | Lair:4   | Reached skill level 5 in Shields
  8117 | Lair:4   | Noticed a death yak
  8158 | Lair:4   | Killed a death yak
  8215 | Lair:4   | Reached skill level 4 in Fire Magic
  8336 | Lair:4   | Reached skill level 5 in Fire Magic
  8495 | Lair:5   | Entered Level 5 of the Lair of Beasts
  8508 | Lair:5   | Reached skill level 10 in Armour
  8512 | Lair:5   | Reached XP level 13. HP: 40/103 MP: 15/19
  8522 | Lair:5   | Noticed a seven-headed hydra
  8567 | Lair:5   | Noticed a four-headed hydra
  8586 | Lair:4   | Reached skill level 6 in Fire Magic
  8954 | Lair:1   | Reached skill level 7 in Fire Magic
  9214 | D:9      | Reached skill level 8 in Fire Magic
  9228 | D:9      | Noticed an eight-headed hydra
  9229 | D:9      | Noticed a centaur warrior
  9230 | D:9      | Identified the +10 plate armour "Hyodwuz" {rPois rN+ Str-4}
  9267 | D:10     | Entered Level 10 of the Dungeon
  9281 | D:10     | Noticed Erolcha
  9291 | D:10     | Killed Erolcha
  9363 | D:10     | Learned a level 8 spell: Ignition
  9425 | D:10     | Reached skill level 9 in Fire Magic
  9477 | D:10     | Noticed Nergalle
  9512 | D:10     | Killed Nergalle
  9540 | D:10     | Noticed Joseph
  9555 | D:10     | Killed Joseph
  9684 | D:10     | Found a shimmering blue altar of Sif Muna.
 10008 | D:11     | Noticed Sonja
 10015 | D:11     | Killed Sonja
 10208 | D:11     | Noticed a boulder beetle
 10221 | D:11     | Killed a boulder beetle
 10222 | D:11     | Reached skill level 10 in Fire Magic
 10262 | D:11     | Found a portal to a secret trove of treasure.
 10420 | D:11     | Noticed Urug
 10480 | D:11     | Killed Urug
 10667 | D:12     | Noticed a centaur warrior
 10667 | D:12     | Noticed Lodul
 10734 | D:12     | Noticed Frances
 10828 | D:12     | Reached skill level 5 in Spellcasting
 10924 | D:12     | Reached XP level 14. HP: 76/111 MP: 13/21
 10949 | D:12     | Killed Lodul
 11094 | D:12     | Found a hazy altar of Hepliaklqana.
 11294 | D:12     | Found a staircase to the Orcish Mines.
 11534 | D:13     | HP: 1/113 [centaur warrior (10)]
 11716 | D:13     | Learned a level 4 spell: Olgreb's Toxic Radiance
 11723 | D:13     | Learned a level 3 spell: Ignite Poison
 11765 | D:13     | Noticed Josephine
 11851 | D:13     | Reached skill level 1 in Transmutations
 11851 | D:13     | Reached skill level 1 in Poison Magic
 12005 | D:13     | Noticed Nessos
 12034 | D:13     | Killed Nessos
 12318 | D:13     | Killed Josephine
 12362 | D:13     | Found a gate to the Vaults.
 12406 | D:13     | Reached skill level 5 in Poison Magic
 12951 | D:14     | Identified the +8 long sword of Hacking and Slashing
                  | {drain, rC+}
 13055 | D:15     | Entered Level 15 of the Dungeon
 13082 | D:15     | Reached XP level 15. HP: 119/119 MP: 23/23
 14886 | D:9      | Identified the ring of Light {rC+ AC+4 Str+2 Stlth+}
 15429 | Orc:1    | Entered Level 1 of the Orcish Mines
 15489 | Orc:1    | Found the +10 tower shield of Ignorance {rN+ Int-4}
 15493 | Orc:1    | Found a runed translucent door.
 15525 | Orc:1    | Found a runed translucent door.
 15802 | Orc:2    | Entered Level 2 of the Orcish Mines
 15802 | Orc:2    | Found a staircase to the Elven Halls.
 15918 | Orc:2    | Found Fafoc's Jewellery Emporium.
 15954 | Orc:2    | Found Kiefiytt's Distillery.
 15969 | Orc:2    | Bought a potion of curing for 39 gold pieces
 15969 | Orc:2    | Bought a potion of heal wounds for 65 gold pieces
 15969 | Orc:2    | Bought a potion of curing for 39 gold pieces
 15969 | Orc:2    | Bought a potion of experience for 650 gold pieces
 15969 | Orc:2    | Reached skill level 11 in Fire Magic
 15969 | Orc:2    | Reached XP level 16. HP: 123/127 MP: 13/25
 15970 | Orc:2    | Reached skill level 13 in Fire Magic
 15970 | Orc:2    | Reached XP level 17. HP: 130/133 MP: 13/26
 16159 | Orc:2    | Noticed Saint Roka
 16474 | Orc:2    | Found Sasm's Antique Weapon Emporium.
 16476 | Orc:2    | Found Qoibyvy's Antique Armour Shoppe.
 16491 | Orc:2    | Bought a brightly glowing leather armour for 224 gold
                  | pieces
 16491 | Orc:2    | Identified the +2 leather armour of Makhleb's Displeasure
                  | {Str+3} (You bought it in a shop on level 2 of the Orcish
                  | Mines)
 16717 | D:12     | Noticed Jorgrun
 16950 | Lair:3   | Found a staircase to the Shoals.
 16965 | Lair:3   | Reached skill level 14 in Fire Magic
 16974 | Shoals:1 | Entered Level 1 of the Shoals
 17328 | Snake:1  | Entered Level 1 of the Snake Pit
 17511 | Snake:1  | Reached XP level 18. HP: 95/140 MP: 27/27
 17870 | Snake:1  | Noticed Aizul
 17890 | Snake:1  | Killed Aizul
 18001 | Snake:2  | Noticed Donald
 18010 | Snake:2  | Found Xiag's Jewellery Shoppe.
 18010 | Snake:2  | Found Ceipla's Magic Scroll Emporium.
 18010 | Snake:2  | Found Ucoalow's Armour Shoppe.
 18010 | Snake:2  | Found Bijiehyc's Magic Scroll Emporium.
 18821 | Snake:2  | Bought a scroll of identify for 32 gold pieces
 18821 | Snake:2  | Bought a scroll of identify for 32 gold pieces
 18831 | Snake:2  | Bought a scroll of fog for 76 gold pieces
 18837 | Snake:2  | Bought a +2 pair of gloves of strength for 344 gold pieces
 18869 | Snake:2  | Found a glowing silver altar of Zin.
 19279 | Snake:2  | Found a runed translucent gate.
 19279 | Snake:2  | Found a runed translucent gate.
 19281 | Snake:2  | Found an opulent altar of Gozag.
 19281 | Snake:2  | Found Bualipt's Assorted Antiques.
 19282 | Snake:2  | Found a runed translucent gate.
 19284 | Snake:2  | Noticed gdog's ghost (journeyman GnDe)
 20223 | Snake:3  | Found Wusok's Book Shop.
 20224 | Snake:3  | Found Irghuj's Jewellery Shoppe.
 20224 | Snake:3  | Found Ceezoun's Jewellery Shoppe.
 20253 | Snake:3  | Identified the +2 falchion of Ceim Lui {holy, Str+7}
 20513 | Snake:4  | Entered Level 4 of the Snake Pit
 20914 | Shoals:1 | Reached skill level 15 in Dodging
 20941 | Shoals:1 | Identified a scroll of acquirement
 20944 | Shoals:1 | Acquired 1131 gold pieces
 21196 | Shoals:1 | Reached skill level 15 in Fire Magic
 21555 | Shoals:2 | Reached XP level 19. HP: 146/146 MP: 13/28
 21972 | Shoals:2 | Reached skill level 16 in Fire Magic
 22912 | Shoals:4 | Entered Level 4 of the Shoals
 22986 | Shoals:4 | Reached skill level 17 in Fire Magic
 23124 | Shoals:4 | Noticed a titan
 23136 | Shoals:4 | Killed a titan
 23159 | Shoals:4 | HP: 7/146 [poisoned by a merfolk]
 23159 | Shoals:4 | Slain by a manticore

Illustrated notes

Levels and vault maps discovered:
D:1:      minmay_arrival_shattered_statue, layout_basic, columned_hall_lemuel,
          nicolae_concentric_dashed_squares_mild, chequers_garden
D:2:      layout_loops_ring, nicolae_ecumenical_snake_handling, basic_altar,
          uniq_jessica, uniq_robin
D:3:      layout_rooms
D:4:      layout_basic
D:5:      layout_gridville, lemuel_round_altar, portal_sewer_entry_e,
          lexackson_kobold_supper, uniq_ijyb, uniq_edmund, uniq_eustachio
D:6:      layout_cave_pods, elyvilon_altar_5, mainiacjoe_overflow_catwalk_spiral
D:7:      layout_basic, minmay_temple_entry_gardened_gates, serial_shops,
          nicolae_shop_advertising_works [nicolae_subvault_shop_adworks]
D:8:      cheibrodos_wizards_tower, layout_basic,
          yredelemnul_forgotten_temple_becter, chequers_serial_rivers_marsh,
          uniq_maurice, uniq_maggie, uniq_grum
D:9:      nzn_winding_woodlands_large [nzn_winding_woodlands_5x5_default,
          nzn_winding_woodlands_5x15_longhouse,
          nzn_winding_woodlands_5x5_open_star,
          nzn_winding_woodlands_center_triple_pond,
          nzn_winding_woodlands_15x15_eel_pit,
          nzn_winding_woodlands_center_lodge,
          nzn_winding_woodlands_5x5_perimeter,
          nzn_winding_woodlands_5x15_garden,
          nzn_winding_woodlands_5x5_checkerboard], layout_basic,
          lair_entry_dummy, uniq_psyche
D:10:     layout_layer_cave, general_overflow_altar, chequers_hall_statues_y,
          chequers_serial_rivers_small_b, uniq_nergalle, uniq_joseph,
          uniq_erolcha
D:11:     layout_loops_corners, trove_entry_hex_spiral, uniq_urug, uniq_sonja
D:12:     layout_grid_maze, orc_0_dummy, worldfamousw_hep_ancestral_shrine,
          uniq_lodul, uniq_frances, uniq_jorgrun
D:13:     layout_rooms, hangedman_vaults_entry_quadrant_bands, uniq_josephine,
          uniq_nessos
D:14:     layout_loops_ring, serial_bayou_shore_b
D:15:     grunt_enter_depths_magical_seal, layout_basic, palyth_stone_intersect
Temple:   lightli_temple_of_artemis
Lair:1:   layout_chaotic_city, lemuel_fruit_tree, serial_bayou_shore_b,
          serial_bayou_shore_b
Lair:2:   layout_regular_city, nicolae_lair_grove_arrangements
Lair:3:   layout_roguey, minmay_shoals_entry_lonely_mermaid,
          guppyfry_snake_entry_island, portal_ice_cave_entry_pillars_2
Lair:4:   layout_regular_city, chequers_serial_rivers_small_b,
          beast_lair_carwin_10
Lair:5:   minmay_lair_end_enchanted_forest, layout_hall_layers,
          dpeg_slime_entry_enclosed, basic_altar, grunt_megastairs_5, uniq_kirke
Shoals:1: nicolae_shoals_island_circles, layout_shoals
Shoals:2: layout_shoals
Shoals:3: layout_shoals, nicolae_shoals_shepherds
Shoals:4: shoals_end_hellmonk_storm_palace [storm_palace_center_ruins,
          storm_palace_corner_altar, storm_palace_corner_reverse_hut,
          storm_palace_corner_narrow, storm_palace_corner_narrow], serial_shops
Snake:1:  layout_basic, uniq_aizul
Snake:2:  layout_misc_corridors, basic_altar, ebering_ghost_gozag,
          nicolae_snake_boneroom, minmay_shoptagon, uniq_donald
Snake:3:  layout_onion_interference, minmay_shop_grove
Snake:4:  snake_hunt, layout_cave_town, ebering_ghost_xom, grunt_megastairs_3
Orc:1:    cheibrodos_orc_bank, layout_caves, chequers_guarded_unrand_ignorance
Orc:2:    grunt_orc_community_town_hall, layout_caves,
          grunt_orc_community_big_house_1, grunt_orc_community_big_house_2,
          grunt_orc_community_house_1, grunt_orc_community_house_3,
          grunt_orc_community_house_1, grunt_orc_community_house_2,
          grunt_orc_community_house_3, grunt_orc_community_house_1, basic_altar

Skill      XL: |  1  2  3  4  5  6  7  8  9 10 11 12 13 14 15 16 17 18 19 |
---------------+----------------------------------------------------------+-----
Fighting       | 4 5 6 7 9 10 11 12 | 12.0
Stealth        | 1 2 3 |  3.0
Spellcasting   | 2 3 4 5 6 |  6.0
Armour         | 1 2 4 6 7 9 10 11 12 | 12.0
Dodging        | 1 2 3 4 5 7 8 10 11 12 15 | 15.5
Evocations     | 2 4 5 |  5.0
Throwing       | 1 2 |  2.0
Staves         | 5 7 9 |  9.7
Shields        | 5 |  5.0
Fire Magic     | 5 10 11 13 14 15 17 | 17.0
Transmutations | 1 |  1.0
Poison Magic   | 6 7 |  7.0
Maces & Flails | |  3.0

Action                   |  1- 3 |  4- 6 |  7- 9 | 10-12 | 13-15 | 16-18 | 19-21 || total
-------------------------+-------+-------+-------+-------+-------+-------+-------++-------
Melee: Mace              |    52 |   155 |    44 |       |       |       |       ||   251
       Punch             |     1 |       |       |     6 |       |       |       ||     7
       Flail             |       |       |   201 |   450 |    15 |       |       ||   666
       Lajatang          |       |       |       |   303 |  1217 |   725 |   236 ||  2481
Throw: Dart              |       |       |     8 |    36 |    37 |     2 |       ||    83
       Boomerang         |       |       |     1 |     2 |       |       |       ||     3
       Throwing net      |       |       |       |     2 |       |       |       ||     2
 Cast: Scorch            |     6 |    36 |    68 |    62 |   128 |   109 |    84 ||   493
       Foxfire           |       |    29 |    72 |    31 |    53 |   126 |    11 ||   322
       Olgreb's Toxic Ra |       |       |       |       |    17 |    33 |    15 ||    65
       Ignite Poison     |       |       |       |       |    12 |    20 |    12 ||    44
Invok: Fiery Armour      |     1 |       |     3 |     2 |       |       |       ||     6
Evoke: Wand              |       |       |     3 |     6 |     2 |     4 |     3 ||    18
       Phial of floods   |       |       |       |     1 |     1 |     2 |     1 ||     5
       Phantom mirror    |       |       |       |       |     1 |     3 |     1 ||     5
       Lightning rod     |       |       |       |       |       |    11 |     2 ||    13
  Use: Scroll            |       |       |     7 |     7 |     9 |    21 |     1 ||    45
       Potion            |       |       |     1 |     6 |     5 |     6 |     4 ||    22
 Stab: Paralysed         |       |       |     5 |    14 |       |       |       ||    19
       Sleeping          |       |       |       |       |     4 |     6 |     2 ||    12
       Distracted        |       |       |       |       |     1 |       |       ||     1
       Held in net/web   |       |       |       |       |       |       |     1 ||     1
Armor: Leather armour    |    19 |    55 |   182 |   367 |   629 |   375 |   159 ||  1786
       Skin              |       |       |       |     5 |       |       |       ||     5
Dodge: Dodged            |    33 |   119 |   246 |   597 |  1233 |   840 |   352 ||  3420
Block: Buckler           |       |       |       |    16 |       |       |       ||    16
